 Dungeon Crawl Stone Soup version bcrawl-1.26.1 (webtiles) character file.

Game seed: 13932956971409336518

108942 zzzzzzzz the Ducker (level 3, 19/19 HPs)
             Began as a Spriggan Abyssal Knight on July 14, 2020.
             Was a Follower of Lugonu.
             Quit the game on level 1 of the Dungeon.
             The game lasted 00:03:38 (996 turns).

zzzzzzzz the Ducker (Spriggan Abyssal Knight)        Turns: 996, Time: 00:03:38

Health: 19/19      AC:  3    Str:  8    XL:     3   Next: 1%
Magic:  5/5        EV: 19    Int: 13    God:    Lugonu [*.....]
Gold:   70         SH:  0    Dex: 16    Spells: 2/2 levels left

rFire    . . .     SeeInvis +   a - +1 short sword
rCold    . . .     Gourm    .   (shield restricted)
rNeg     . . .     Faith    .   b - +1 robe
rPois    .         Spirit   .   (helmet restricted)
rElec    .         Reflect  .   (no cloak)
rCorr    .         Harm     .   (gloves unavailable)
MR       .....                  (boots unavailable)
Stlth    ++........             (no amulet)
HPRegen  0.06/turn              f - +4 ring of slaying
MPRegen  0.09/turn              (no ring)

@: very quick
A: very small, unfitting armour, see invisible, herbivore, speed 3, slow
metabolism 2
a: Depart the Abyss, Bend Space, Renounce Religion


You were on level 1 of the Dungeon.
You worshipped Lugonu.
Lugonu was aware of your devotion.
You were not hungry.

You visited 1 branch of the dungeon, and saw 1 of its levels.
You visited the Abyss 1 time.

You collected 70 gold pieces.

Inventory:

Hand Weapons
 a - a +1 short sword (weapon)
Missiles
 c - 10 tomahawks of dispersal {=f}
 d - 40 stones (quivered)
Armour
 b - a +1 robe (worn)
Jewellery
 f - a +4 ring of slaying (left hand)
Scrolls
 i - 2 scrolls of identify
 j - a scroll of enchant weapon {unknown}
 l - a scroll of fog {unknown}
 m - 3 scrolls of teleportation {unknown}
 o - a scroll of remove curse {unknown}
 p - a scroll of enchant armour
Potions
 g - a potion of might {unknown}
 h - a potion of heal wounds {unknown}
 k - a potion of haste {unknown}
 n - 2 potions of flight {unknown}
Comestibles
 e - 3 rations {!d}


   Skills:
 + Level 2.5 Fighting
 + Level 3.2 Short Blades
 - Level 1.1 Throwing
 + Level 3.8 Dodging
 * Level 2.2 Stealth
 - Level 2.0 Invocations


You had 2 spell levels left.
You didn't know any spells.
Your spell library was empty.

Dungeon Overview and Level Annotations

Branches:
Dungeon (1/12)

Altars:


Innate Abilities, Weirdness & Mutations

You are very small and have problems with some larger weapons.
You are too small for most types of armour.
You have supernaturally acute eyesight. (SInv)
You are a herbivore.
You cover ground extremely quickly.
You need to consume almost no food.


Message History

You closely miss the goblin.
The goblin is severely wounded.
You barely miss the goblin.
The goblin is severely wounded.
The goblin hits you with a +0 club.
You hit the goblin.
You kill the goblin!
Lugonu accepts your kill.
You have reached level 3!
Your experience leads to an increase in your attributes!
Increase (S)trength, (I)ntelligence, or (D)exterity?
You feel agile.
Things that are here:
a +0 club; a goblin corpse No target in view!
No target in view!
p - a scroll of enchant armour
i - 2 scrolls of identify (gained 1)
A hobgoblin comes into view. It is wielding a +0 club.
Are you sure you want to abandon this character and quit the game? (Confirm with "yes".)

...... #.# ######
#.# #.# ###### #.#
...... #.# #######
#.# ...#
######.########.###
#.@................
#.####.########.###
#. #.########.### #.
#......>......
#g##########..####.
#.#...........#....
#.#.#######...#รท##.
#.#.#.........#.##.
#.#.#####...#.###


You could see a hobgoblin (sleeping).

Vanquished Creatures
  A dart slug (D:1)
  3 leopard geckos (D:1)
  A giant cockroach (D:1)
  4 hobgoblins (D:1)
  4 jackals (D:1)
  3 bats (D:1)
  3 frilled lizards (D:1)
  2 goblins (D:1)
  A kobold (D:1)
  A rat (D:1)
23 creatures vanquished.

Vanquished Creatures (others)
  2 starspawn tentacles (Abyss:1)
2 creatures vanquished.

Grand Total: 25 creatures vanquished

Notes
Turn   | Place    | Note
-------+----------+-------------------------------------------
     0 | Abyss:1  | zzzzzzzz the Spriggan Abyssal Knight began the quest for
                  | the Orb.
     0 | Abyss:1  | Reached XP level 1. HP: 11/11 MP: 3/3
    37 | Abyss:1  | Noticed a tentacled starspawn
    44 | Abyss:1  | Noticed a neqoxec
    48 | Abyss:1  | Noticed a crimson imp
    88 | Abyss:1  | Noticed a large abomination
   106 | Abyss:1  | Noticed an orange demon
   131 | Abyss:1  | Noticed a ynoxinul
   132 | Abyss:1  | Noticed a thrashing horror
   134 | Abyss:1  | Noticed a ynoxinul
   157 | D:1      | Escaped the Abyss
   249 | D:1      | Reached XP level 2. HP: 16/16 MP: 4/4
   252 | D:1      | Reached skill level 1 in Stealth
   376 | D:1      | Reached * piety under Lugonu
   937 | D:1      | Reached XP level 3. HP: 17/19 MP: 5/5
   996 | D:1      | Quit the game

Skill      XL: |  1  2 |
---------------+-------+-----
Short Blades   | 3 |  3.2
Stealth        | 2 |  2.2
Fighting       | |  2.5
Throwing       | |  1.1
Dodging        | |  3.8
Invocations    | |  2.0

Action                   || total
-------------------------++-------
Melee: Short sword       ||    59
Invok: Depart the Abyss  ||     1
  Use: Scroll            ||     1
 Stab: Sleeping          ||     3
Armor: Robe              ||    18
Dodge: Dodged            ||    69
